 Dungeon Crawl Stone Soup version 0.24.0-1-gfbc8707122 (webtiles) character file.

Game seed: 5516744355368004269, levelgen mode: deterministic

57 Aviak the Skirmisher (level 4, -4/109 HPs)
             Began as an Ogre Abyssal Knight on Oct 26, 2019.
             Was a Believer of Lugonu.
             Slain by a hornet zombie (5 damage)
             ... on level 3 of the Dungeon.
             The game lasted 00:02:20 (1517 turns).

Aviak the Skirmisher (Ogre Abyssal Knight)          Turns: 1517, Time: 00:02:20

Health: -4/109     AC: 22    Str: 22    XL:     4   Next: 0%
Magic:  5/5        EV:  1    Int: 13    God:    Lugonu [**....]
Gold:   89         SH:  0    Dex:  8    Spells: 3/3 levels left

rFire    . . .     SeeInvis .   a - +1 mace
rCold    . . .     Gourm    .   (no shield)
rNeg     + + +     Faith    .   (armour currently unavailable)
rPois    +         Spirit   .   (helmet currently unavailable)
rElec    .         Reflect  .   (cloak currently unavailable)
rCorr    .         Harm     .   (gloves unavailable)
MR       .....     NoTele   +   (boots unavailable)
Stlth    ..........             (no amulet)
HPRegen  0.28/turn              (no ring)
MPRegen  0.09/turn              (no ring)

@: berserking, tree-form, very quick
A: large, unfitting armour
a: Depart the Abyss, Bend Space, Renounce Religion


You were on level 3 of the Dungeon.
You worshipped Lugonu.
Lugonu was pleased with you.
You were very hungry.
You were a tree.
You visited 1 branch of the dungeon, and saw 3 of its levels.
You visited the Abyss 1 time.

You collected 89 gold pieces.

Inventory:

Hand Weapons
 a - a +1 mace (weapon)
Armour
 b - a +0 robe (melded)
Scrolls
 h - 3 scrolls of teleportation {unknown}
 i - 2 scrolls of identify {unknown}
 j - a scroll of fear {unknown}
Potions
 e - 2 potions of agility
 f - a potion of heal wounds {unknown}
 g - a potion of lignification {!q}
Comestibles
 c - 3 rations


   Skills:
 + Level 4.6 Fighting
 + Level 2.4 Maces & Flails
 + Level 2.8 Dodging
 + Level 2.5 Invocations


You had 3 spell levels left.
You didn't know any spells.
Your spell library was empty.

Dungeon Overview and Level Annotations

Branches:
Dungeon (3/15)

Altars:
Cheibriados


Innate Abilities, Weirdness & Mutations

You are too large for most types of armour.
((You have tough skin. (AC +1)))


Message History

The hornet zombie hits you.
* * * LOW HITPOINT WARNING * * *
The hornet zombie hits you but does no damage.
You barely miss the hornet zombie.
The hornet zombie is severely damaged.
The hornet zombie hits you but does no damage.
You hit the hornet zombie.
The hornet zombie is severely damaged.
The hornet zombie hits you but does no damage.
You closely miss the hornet zombie.
The hornet zombie is severely damaged.
The hornet zombie hits you but does no damage.
You closely miss the hornet zombie.
The hornet zombie is severely damaged.
The hornet zombie hits you.
* * * LOW HITPOINT WARNING * * *
You hit the hornet zombie but do no damage.
The hornet zombie is severely damaged.
The hornet zombie hits you.
You die...

#.... ....(. #.....
#....ā‰ˆ ###### #.....
#....# #...#.
#.#####....######.#..[
#...Zā™£'.............#.
#######....######.#...
#...)# #.##.#...
#####....###..)....ā‰ˆ
#........#...##.....
#........#(####..(..
#.....####.# #.....
#.....#....# #.....
#.....#.#### #.#.#.


You could see a hornet zombie.

Vanquished Creatures
  2 adders (D:2)
  A dart slug (D:3)
  2 leopard geckos (D:3)
  An orc (D:3)
  2 bats (D:1)
  4 giant cockroaches
  3 goblins
  8 hobgoblins
  4 frilled lizards
  4 kobolds
  2 rats (D:1)
33 creatures vanquished.

Notes
Turn   | Place    | Note
-------+----------+-------------------------------------------
     0 | Abyss:1  | Aviak the Ogre Abyssal Knight began the quest for the Orb.
     0 | Abyss:1  | Reached XP level 1. HP: 24/24 MP: 2/2
    11 | D:1      | Escaped the Abyss
   199 | D:1      | Reached XP level 2. HP: 31/32 MP: 3/3
   522 | D:1      | Reached ** piety under Lugonu
   762 | D:2      | Reached XP level 3. HP: 27/40 MP: 4/4
  1303 | D:2      | Found a snail-covered altar of Cheibriados.
  1494 | D:3      | Reached XP level 4. HP: 43/49 MP: 5/5
  1516 | D:3      | HP: 1/109 [hornet zombie (6)]
  1517 | D:3      | Slain by a hornet zombie

Levels and vault maps discovered:
D:1:      dpeg_arrival_arbitrary_b, layout_basic, serial_corexii_hall,
          corexii_hall_statues_i, corexii_hall_statues_x,
          corexii_hall_statues_x, corexii_hall_statues_x
D:2:      kennysheep_six_static_rooms, layout_rooms, cheibriados_altar_1,
          serial_bayou_pond_a
D:3:      layout_basic, grunt_ministairs_14, chequers_big_river

Skill      XL: |  1 |
---------------+----+-----
Maces & Flails | 2 |  2.4
Fighting       | |  4.6
Dodging        | |  2.8
Invocations    | |  2.5

Action                   |  1- 3 |  4- 6 || total
-------------------------+-------+-------++-------
Melee: Mace              |    99 |    11 ||   110
  Use: Potion            |     1 |     2 ||     3
  Eat: Chunk             |     1 |       ||     1
Armor: Robe              |    32 |       ||    32
       Skin              |       |     7 ||     7
Dodge: Dodged            |    62 |     4 ||    66
